 Dungeon Crawl Stone Soup version 0.21-a0-519-gb765982 (webtiles) character file.

35 slep the Ducker (level 3, -1/28 HPs)
             Began as a Barachi Gladiator on Dec 5, 2017.
             Was an Initiate of Okawaru.
             Slain by a kobold (4 damage)
             ... on level 2 of the Dungeon.
             The game lasted 00:03:18 (609 turns).

slep the Ducker (Barachi Gladiator)                  Turns: 609, Time: 00:03:19

Health: -1/28      AC:  4    Str: 16    XL:     3   Next: 35%
Magic:  3/3        EV: 13    Int:  8    God:    Okawaru [......]
Gold:   91         SH:  0    Dex: 13    Spells: 2/2 levels left

rFire    . . .     SeeInvis .   a - +0 war axe
rCold    . . .     Gourm    .   (no shield)
rNeg     . . .     Faith    .   b - +0 leather armour
rPois    .         Spirit   .   c - +0 helmet
rElec    .         Reflect  .   (no cloak)
rCorr    .         Harm     .   (no gloves)
MR       .....                  (no boots)
Stlth    +.........             (no amulet)
HPRegen  0.09/turn              (no ring)
MPRegen  0.08/turn              (no ring)

@: slow
A: +LOS, swims, slowness 1, strong legs 1
a: Hop, Renounce Religion


You were on level 2 of the Dungeon.
You worshipped Okawaru.
Okawaru was noncommittal.
You were not hungry.

You visited 1 branch of the dungeon, and saw 2 of its levels.

You collected 91 gold pieces.

Inventory:

Hand Weapons
 a - a +0 war axe (weapon)
Missiles
 d - 3 throwing nets (quivered)
Armour
 b - a +0 leather armour (worn)
 c - a +0 helmet (worn)
Scrolls
 e - 3 scrolls of identify {unknown}
 i - a scroll of remove curse {unknown}
 l - a scroll of teleportation {unknown}
 n - a scroll of enchant armour {unknown}
Potions
 g - a potion of magic {unknown}
 h - a potion of heal wounds {unknown}
Comestibles
 f - 2 bread rations
 j - 2 fruits
 k - a meat ration
 o - a royal jelly


   Skills:
 + Level 2.9 Fighting
 + Level 3.8 Axes
 + Level 2.3 Throwing
 + Level 3.8 Dodging


You had 2 spell levels left.
You didn't know any spells.

Dungeon Overview and Level Annotations

Branches:
Dungeon (2/15)

Altars:
Okawaru


Innate Abilities, Weirdness & Mutations

Shadows flee at your approach. (+LOS)
You can swim through water.
You cover ground slowly.
You can hop short distances.


Message History

The giant cockroach bites you but does no damage.
The orc priest completely misses you. The orc hits you but does no damage.
You hit the orc priest.
The orc priest is lightly wounded.
You hit the orc. You hit the giant cockroach. The giant cockroach misses you.
The orc priest hits you.
* * * LOW HITPOINT WARNING * * *
The orc barely misses you.
The giant cockroach bites you but does no damage.
The orc priest begins to cast a cantrip, but forgets the words!
You barely miss the orc priest.
The orc priest is lightly wounded.
You barely miss the giant cockroach. You hit the kobold but do no damage.
You closely miss the orc. The kobold hits you but does no damage.
The orc hits you.
* * * LOW HITPOINT WARNING * * *
The giant cockroach bites you.
* * * LOW HITPOINT WARNING * * *
The orc priest closely misses you. The kobold hits you.
You die...

.## ... #. #... #
...#... #.... K##
.......##... ..##
......#...###...##
................
###+###..#..#.Kso.#
...........##.)@..#
.......$....#.o†).#..#
.....................#
........<.....###...##
...............# ......
........................
................######..
................# .
.............#..#


You could see an orc priest, an orc, a giant cockroach and 2 kobolds.

Vanquished Creatures
  3 orcs (D:2)
  3 bats (D:1)
  2 giant cockroaches (D:1)
  2 goblins (D:1)
  5 hobgoblins (D:1)
  8 kobolds (D:1)
  A ball python (D:1)
  2 frilled lizards (D:1)
  3 rats (D:1)
29 creatures vanquished.

Notes
Turn   | Place    | Note
-------+----------+-------------------------------------------
     0 | D:1      | slep the Barachi Gladiator began the quest for the Orb.
     0 | D:1      | Reached XP level 1. HP: 17/17 MP: 1/1
    99 | D:1      | Reached XP level 2. HP: 21/23 MP: 2/2
   291 | D:1      | Reached XP level 3. HP: 7/28 MP: 3/3
   596 | D:2      | Found an iron altar of Okawaru.
   604 | D:2      | Became a worshipper of Warmaster Okawaru
   609 | D:2      | Slain by a kobold

Vault maps used:
D:1:      nzn_arrival_settlement, serial_aquarium, aquarium_bridge_long_joined,
          aquarium_bridge_straight, aquarium_window_fake, aquarium_window_fake,
          aquarium_view_2a
D:2:      okawaru_ov_weapons_minmay, uniq_crazy_yiuf_cottage

Action                   || total
-------------------------++-------
Melee: War axe           ||    70
Armor: Leather armour    ||    22
Dodge: Dodged            ||    79

Table legend:
 A = Spawn XP
 B = Non-spawn XP
 C = Spawn XP percentage of total XP
 D = Spawn monster count
 E = Non-spawn monster count
 F = Spawn count percentage of total count
 G = Total turns spent on level
                    A         B        C        D         E        F      G
               +---------+---------+-------+---------+---------+-------+---------
         Total |       0 |      51 |   0.0 |       0 |      29 |   0.0 |   609
               +---------+---------+-------+---------+---------+-------+---------
           D:1 |       0 |      42 |   0.0 |       0 |      26 |   0.0 |   596
           D:2 |       0 |       9 |   0.0 |       0 |       3 |   0.0 |    13
               +---------+---------+-------+---------+---------+-------+---------
